 Dungeon Crawl Stone Soup version 0.20-a0-204-ge9bc5e3 (webtiles) character file.

283 hayesjue the Bolt Thrower (level 6, -8/37 HPs)
             Began as a Kobold Hunter on Nov 24, 2016.
             Was an Initiate of the Shining One.
             Mangled by TabMonster's ghost (11 damage)
             ... on level 4 of the Dungeon.
             The game lasted 00:27:52 (4446 turns).

hayesjue the Bolt Thrower (Kobold Hunter)           Turns: 4446, Time: 00:27:52

Health: -8/37      AC: 11    Str: 10      XL:     6   Next: 54%
Magic:  6/6        EV:  7    Int: 10 (12) God:    the Shining One [......]
Gold:   22         SH:  0    Dex: 16 (17) Spells: 5/5 levels left

rFire  . . .     SeeInvis .     a - +1 hand crossbow
rCold  . . .     Gourm    .     m - +1 chain mail {rN+}
rNeg   + . .     Faith    .     (shield restricted)
rPois  +         Spirit   .     (no helmet)
rElec  .         Reflect  .     F - +1 cloak {rPois}
rCorr  .         Harm     .     (no gloves)
MR     .....                    (no boots)
Stlth  ..........               (no amulet)
                                (no ring)
                                (no ring)

@: glowing
A: carnivore 3
a: Renounce Religion


You were on level 4 of the Dungeon.
You worshipped the Shining One.
The Shining One was noncommittal.
You were not hungry.

You visited 2 branches of the dungeon, and saw 5 of its levels.

You collected 184 gold pieces.
You spent 162 gold pieces at shops.

Inventory:

Hand Weapons
 a - a +1 hand crossbow (weapon)
 b - a +0 short sword
 k - a +0 hunting sling
 u - a +0 quarterstaff
 C - a +0 falchion
 E - a +4 quarterstaff of chaos
Missiles
 d - 57 bolts (quivered)
 n - 5 javelins
 o - 149 stones
Armour
 c - a +0 leather armour
 h - a +0 ring mail
 i - a +2 large shield
 m - a +1 chain mail of positive energy (worn)
 w - a +0 chain mail
 F - a +1 cloak of poison resistance (worn)
Wands
 D - a wand of digging (11/24)
Scrolls
 l - 5 scrolls of remove curse
 A - a scroll of amnesia
Potions
 q - a potion of brilliance
Comestibles
 f - a meat ration
 j - 4 beef jerkies
 s - 2 bread rations
 t - a slice of pizza


   Skills:
 + Level 3.1 Fighting
 + Level 7.7 Crossbows
 + Level 1.4 Armour
 + Level 2.8 Dodging
 + Level 2.2 Stealth


You had 5 spell levels left.
You didn't know any spells.

Dungeon Overview and Level Annotations

Branches:
Dungeon (4/15)             Temple (1/1) D:4

Altars:
Ashenzari
Cheibriados
Dithmenos
Elyvilon
Fedhas
Gozag
Hepliaklqana
Kikubaaqudgha
Makhleb
Nemelex Xobeh
Okawaru
Qazlal
Ru
Sif Muna
Trog
Uskayaw
Vehumet
Xom
Yredelemnul
Zin
The Shining One

Shops:
D:4 [=

Annotations:
D:4 TabMonster's ghost, novice MiBe


Innate Abilities, Weirdness & Mutations

You are small and have problems with some larger weapons.
You are carnivorous and can eat meat at any time.


Message History

Firing (i - inventory. (,) - cycle):
d - 59 bolts (quivered)
Press: ? - help, Shift-Dir - straight line, f/p - bullfrog skeleton
Aim: a bullfrog skeleton You shoot a bolt.
The bolt hits the bullfrog skeleton.
The bullfrog skeleton is lightly damaged.
The bullfrog skeleton hits you.
TabMonster's ghost completely misses you.
Firing (i - inventory. (,) - cycle):
d - 58 bolts (quivered)
Press: ? - help, Shift-Dir - straight line, f/p - bullfrog skeleton
Aim: a bullfrog skeleton (lightly damaged)
You shoot a bolt. The bolt hits the bullfrog skeleton!
The bullfrog skeleton is severely damaged.
The bullfrog skeleton hits you. TabMonster's ghost hits you!
* * * LOW HITPOINT WARNING * * *
The bullfrog skeleton hits you. The Shining One protects you from harm!
As you read the scroll labeled CAMOIZ POCLU, it crumbles to dust.
You hear a loud clanging noise!
It was a scroll of noise.
TabMonster's ghost hits you!
You die...

########### #.#.####
..........###########.#....###
..........'.................>#
..........###########.##.#.#.#
.........................#.# #
).(.................#.##.#.#
#.######.#.########.#.##.#.#
#.######.#.# #####.#.##.#.#
#...∩..#.#.# #.@Z...(##.#..
######.#.#.# #W####.###.#.# .#
#####.# #.# #..##.#..
##########.####.# ##.##.#.#.#
.#....._##...##.# #..#.#.#..
.)......##...##.# ##.#.#.#.#
#. <#....._##...##.# #.#.#.#.#
#. ##########...##.# #...#.#.#
#. #########...##.#
##..#>#.#.#.


You could see TabMonster's ghost and a bullfrog skeleton.

Vanquished Creatures
  Crazy Yiuf (D:3)
  An orc wizard (D:4)
  A centaur skeleton (D:4)
  An orc priest (D:4)
  A worker ant (D:4)
  2 gnolls
  4 adders
  2 dart slugs
  3 leopard geckos
  4 orcs
  A giant cockroach (D:2)
  10 goblins
  8 hobgoblins
  5 jackals (D:3)
  6 kobolds
  2 ball pythons
  11 bats
  3 frilled lizards
  15 rats
81 creatures vanquished.

Notes
Turn   | Place    | Note
-------+----------+-------------------------------------------
     0 | D:1      | hayesjue the Kobold Hunter began the quest for the Orb.
     0 | D:1      | Reached XP level 1. HP: 12/12 MP: 1/1
     8 | D:1      | Reached skill level 5 in Crossbows
    89 | D:1      | Reached XP level 2. HP: 17/17 MP: 2/2
   537 | D:2      | Reached XP level 3. HP: 22/22 MP: 3/3
   857 | D:2      | Reached skill level 6 in Crossbows
  1062 | D:2      | Reached XP level 4. HP: 23/27 MP: 4/4
  1470 | D:3      | Reached XP level 5. HP: 31/31 MP: 5/5
  1571 | D:3      | Found a shadowy altar of Dithmenos.
  2142 | D:3      | Found a runed door.
  2146 | D:3      | Noticed Crazy Yiuf
  2149 | D:3      | Killed Crazy Yiuf
  2149 | D:3      | Reached skill level 1 in Armour
  3389 | D:4      | Found a staircase to the Ecumenical Temple.
  3397 | Temple   | Entered the Ecumenical Temple
  3548 | Temple   | Became a worshipper of the Shining One
  3735 | D:4      | Reached skill level 7 in Crossbows
  3740 | D:4      | Found Rotofopn's Armour Emporium.
  3758 | D:4      | Reached XP level 6. HP: 35/37 MP: 6/6
  3907 | D:4      | Bought a +1 chain mail of positive energy for 162 gold pieces
  3999 | D:4      | Found Raotom's Jewellery Shoppe.
  4029 | D:4      | Found a bloodstained altar of Trog.
  4029 | D:4      | Found an iron altar of Okawaru.
  4414 | D:4      | Noticed TabMonster's ghost (novice MiBe)
  4445 | D:4      | The Shining One protects you from harm!
  4446 | D:4      | Mangled by TabMonster's ghost

Vault maps used:
D:1:      saegor_arrival_simple_a
D:2:      minmay_divided_ellipse
D:3:      nicolae_dithmenos_through_a_glass_darkly, first_bread,
          uniq_crazy_yiuf_cottage
D:4:      grunt_temple_overflow_bloody_war, serial_shops, shop,
          nicolae_shop_waterfront, serial_park_tiny_pond
Temple:   nicolae_temple_no_exploring_needed

Skill      XL: |  1  2  3  4  5 |
---------------+----------------+-----
Crossbows      | 5 6 7 |  7.7
Armour         | 1 |  1.4
Stealth        | 2 |  2.2
Fighting       | 3 |  3.1
Dodging        | |  2.8

Action                   |  1- 3 |  4- 6 || total
-------------------------+-------+-------++-------
 Fire: Hand crossbow     |    79 |   105 ||   184
  Use: Scroll            |     1 |     9 ||    10
       Potion            |       |    10 ||    10
  Eat: Meat ration       |       |     2 ||     2
Armor: Leather armour    |    13 |     4 ||    17
       Chain mail        |       |     5 ||     5
Dodge: Dodged            |    23 |    30 ||    53
